 Dungeon Sprint DCSS version 0.26-a0-708-g17f3b190f9 (webtiles) character file.

Game seed: 2333918123316593389

9 sahdkjhfkaj the Magician (level 2, 17/17 HPs)
             Began as an Octopode Air Elementalist on Oct 27, 2020.
             Quit the game in the Dungeon (Sprint VII: "The Pits").
             The game lasted 00:05:07 (5819 turns).

sahdkjhfkaj the Magician (OpAE)                     Turns: 5819, Time: 00:05:08

Health: 17/17      AC:  1    Str:  7    XL:     2   Next: 16%
Magic:  7/7        EV: 13    Int: 17    God:
Gold:   0          SH:  0    Dex: 12    Spells: 8/9 levels left

rFire    . . .     SeeInvis .   (no weapon)
rCold    . . .     Faith    .   (no shield)
rNeg     . . .     Spirit   .   (helmet restricted)
rPois    .         Reflect  .   (no amulet)
rElec    .         Harm     .   (no ring)
rCorr    .         Rampage  .   (no ring)
MR       .....     NoTele   +   (no ring)
Stlth    +++.......             (no ring)
HPRegen  0.05/turn              (no ring)
MPRegen  0.10/turn              (no ring)
                                (no ring)
                                (no ring)

@: no status effects
A: almost no armour, stealthy swim, amphibious, 8 rings, constrict 8, camouflage
1, gelatinous body 1
a: no special abilities


You were in the Dungeon.
You visited 1 branch

Inventory:

Scrolls
 g - a scroll of blinking {!r}
Potions
 b - a potion of curing {!q}
 c - a potion of heal wounds {!q}
 d - a potion of haste {!q}
 e - 2 potions of magic {!q}


   Skills:
 - Level 2.0 Dodging
 - Level 2.6 Stealth
 + Level 4.3 Spellcasting
 - Level 1.0 Conjurations
 - Level 3.0 Air Magic


You had 8 spell levels left.
You knew the following spells:

 Your Spells              Type           Power        Failure   Level
a - Shock                 Conj/Air       ##..         7%          1

Your spell library contained the following spells:

 Spells                   Type           Power        Failure   Level
 Swiftness                Air            ##......     7%          2
 Static Discharge         Conj/Air       ##......     21%         3
 Airstrike                Air            ##........   41%         4
 Lightning Bolt           Conj/Air       ##........   88%         5


Dungeon Overview and Level Annotations

Branches:
Dungeon (1/1)

Altars:


Innate Abilities, Weirdness & Mutations

You cannot wear most types of armour.
You are very stealthy in the water. (Stealth+)
You are amphibious.
You can wear up to eight rings at the same time.
You can use your tentacles to constrict eight enemies at once.
Your skin changes colour to match your surroundings (Stealth+).
Your rubbery body absorbs attacks. (AC +1, EV +1)


Message History

You start waiting.
You start waiting.
You start waiting.
You start waiting.
You start waiting.
You start waiting.
Are you sure you want to abandon this character and quit the game? (Confirm with "yes".)
Okay, then.
Unknown command.
Unknown command.
Unknown command.
Unknown command.
Unknown command.
Unknown command.
Unknown command.
Unknown command.
Unknown command.
Welcome back, sahdkjhfkaj the Octopode Air Elementalist.
Press ? for a list of commands and other information.
Are you sure you want to abandon this character and quit the game? (Confirm with "yes".)

##########++
#...........
#......#..#.
####.##...........
......'@.)........
#+#####......#..#.
#...........
####'#####++
#.......#
#.......#
#.......#
#...<...#
#.......#


There were no monsters in sight!

Vanquished Creatures
  A gnoll (D)
1 creature vanquished.

Notes
Turn   | Place    | Note
-------+----------+-------------------------------------------
     0 | D        | sahdkjhfkaj the Octopode Air Elementalist began the quest
                  | for the Orb.
     0 | D        | Reached XP level 1. HP: 11/11 MP: 3/3
    22 | D        | Reached skill level 4 in Spellcasting
    22 | D        | Reached XP level 2. HP: 17/17 MP: 0/7
  5819 | D        | Quit the game

Illustrated notes

Levels and vault maps discovered:
D:        pitsprint [storerooms_1, entrance_room_1, metal_vault_1, armoury_1,
          mini_pit_1, grid_room_1, main_hall_1, silver_pit, the_coven_3,
          the_vestibule_1, steel_vault_1, golden_pit, hallway_of_sentries,
          crystal_vault_6, iron_vault_5, final_vault]

Skill      XL: |  1 |
---------------+----+-----
Spellcasting   | 4 |  4.3
Dodging        | |  2.0
Stealth        | |  2.6
Conjurations   | |  1.0
Air Magic      | |  3.0

Action                   || total
-------------------------++-------
Melee: Unarmed           ||     2
       Constrict         ||     1
       Tentacles         ||     1
 Cast: Shock             ||     3
  Use: Potion            ||     1
Dodge: Dodged            ||     1

Table legend: (Time is in decaauts)
 A = Elapsed time spent in this place.
 B = Non-inter-level travel time spent in this place.
 C = Inter-level travel time spent in this place.
 D = Time resting spent in this place.
 E = Time spent auto-exploring this place.
 F = Levels seen in this place.
 G = Mean time per level.
                   A        B        C        D        E       F      G
               +--------+--------+--------+--------+--------+-----+--------+
         Total |   5828 |   5828 |      0 |   5802 |      0 |   1 | 5828.0 |
       Dungeon |   5828 |   5828 |      0 |   5802 |      0 |   1 | 5828.0 |
               +--------+--------+--------+--------+--------+-----+--------+

Top non-repeatable levels by time:
       D: 5828 daAuts
